 Dungeon Crawl Stone Soup version 0.29-a0-352-g0917bc69df (webtiles) character file.

Game seed: 7544128691253293738

5484 croobank the Covert (level 10, -5/59 HPs)
             Began as an Octopode Fire Elementalist on Apr 23, 2022.
             Was an Elder of Hepliaklqana.
             Slain by a yak (14 damage)
             ... on level 9 of the Dungeon.
             The game lasted 00:31:41 (8364 turns).

croobank the Covert (Octopode Fire Elementalist)    Turns: 8364, Time: 00:31:42

Health: -5/59      AC:  5    Str:  7    XL:     10   Next: 69%
Magic:  14/19      EV: 15    Int: 22    God:    Hepliaklqana [****..]
Gold:   763        SH:  0    Dex: 13    Spells: 4/21 levels left

rFire   + . .      SeeInvis +   F - +8 war axe "Obboemij" {speed, rCorr Stlth+}
rCold   . . .      Faith    .   (no shield)
rNeg    . . .      Spirit   .   I - +0 hat
rPois   +          Reflect  .   f - amulet of Goxuosuc {RegenMP rPois Will+ SInv}
rElec   .          Harm     .   D - +4 ring of protection
rCorr   +          Rampage  .   w - ring of protection from fire
Will    ++...                   L - ring of willpower
Stlth   ++++++....              (no ring)
HPRegen 0.19/turn               (no ring)
MPRegen 0.56/turn               (no ring)
                                (no ring)
                                (no ring)

@: no status effects
A: reduced essence, almost no armour, amphibious, 8 rings, camouflage 1,
gelatinous body 1, (nimble swimmer 1), tentacles
a: Renounce Religion, Recall Ancestor, Ancestor Identity, Transference, Idealise


You were on level 9 of the Dungeon.
You worshipped Hepliaklqana.
Hepliaklqana was greatly pleased with you.
You visited 1 branch of the dungeon, and saw 9 of its levels.

You collected 763 gold pieces.

Inventory:

Hand Weapons
 a - a +4 quarterstaff of chaos
 b - a +0 fustibalus
 A - a +1 mace of protection
 F - the +8 war axe "Obboemij" (weapon) {speed, rCorr Stlth+}
   (You found it on level 7 of the Dungeon)

   Attacks with this weapon are significantly faster.
   rCorr:     It protects you from acid and corrosion.
   Stlth:     It makes you more stealthy.
 H - a +0 hunting sling
 M - a +2 trident of distortion
 Q - a +2 short sword of electrocution
Missiles
 d - 169 stones
 h - 5 atropa-tipped darts
 q - 5 javelins
 J - 23 poisoned darts
 O - 2 boomerangs
Armour
 c - an orb of light
 I - a +0 hat (worn)
Jewellery
 f - the amulet of Goxuosuc (around mantle) {RegenMP rPois Will+ SInv}
   (You acquired it on level 2 of the Dungeon)

   [amulet of magic regeneration]

   It increases your rate of magic regeneration.
   rPois:     It protects you from poison.
   SInv:      It lets you see invisible.
   Will:      It increases your willpower.
 w - a ring of protection from fire (right tentacle)
 D - a +4 ring of protection (left tentacle)
 L - a ring of willpower (on tentacle)
Wands
 m - a wand of charming (6)
 t - a wand of digging (6)
 x - a wand of mindburst (16)
 E - a wand of polymorph (15)
 G - a wand of flame (9)
 K - a wand of acid (4)
Scrolls
 l - 5 scrolls of teleportation
 n - a scroll of vulnerability
 z - 2 scrolls of fear
 C - a scroll of holy word
Potions
 e - 2 potions of might
 g - 3 potions of resistance
 i - 2 potions of lignification
 j - a potion of mutation
 k - a potion of flight
 o - a potion of ambrosia {unknown}
 p - a potion of cancellation {unknown}
 r - 4 potions of curing {unknown}
 u - 2 potions of degeneration {unknown}
 v - a potion of haste {unknown}
 y - a potion of magic
 B - 2 potions of brilliance {unknown}


   Skills:
 + Level 5.3 Fighting
 + Level 2.4 Axes
 + Level 6.6 Dodging
 + Level 9.7 Stealth
 + Level 6.1 Spellcasting
 + Level 6.4 Conjurations
 + Level 7.1 Fire Magic


You had 4 spell levels left.
You knew the following spells:

 Your Spells              Type           Power      Damage    Failure   Level
a - Foxfire               Conj/Fire      100%       2x1d9     1%          1
b - Scorch                Fire           76%        2d8       1%          2
c - Flame Wave            Conj/Fire      36%        2d9       5%          4
d - Hailstorm             Conj/Ice       20%        3d6       24%         4
e - Frozen Ramparts       Ice            12%        1d3       26%         3
f - Stone Arrow           Conj/Erth      40%        3d9       7%          3

Your spell library contained the following spells:

 Spells                   Type           Power      Damage    Failure   Level
 Conjure Flame            Conj/Fire      36%        6-21      1%          3
 Inner Flame              Hex/Fire       22%        N/A       6%          3
 Animate Skeleton         Necr           12%        N/A       9%          1
 Apportation              Tloc           12%        N/A       9%          1
 Beastly Appendage        Tmut           12%        N/A       9%          1
 Freeze                   Ice            24%        1d5       9%          1
 Summon Small Mammal      Summ           24%        N/A       9%          1
 Wereblood                Tmut           6%         N/A       14%         2
 Spider Form              Tmut/Pois      6%         N/A       26%         3
 Lehudib's Crystal Spear  Conj/Erth      10%        10d4      100%        8
 Animate Armour           Summ/Erth      Unusable   N/A       N/A         4

Dungeon Overview and Level Annotations

Branches:
Dungeon (9/15)             Temple (0/1) D:7
   Lair: D:8-11         Orc: D:9-12

Altars:
Cheibriados
Dithmenos
Hepliaklqana
Makhleb
Okawaru
Ru
Uskayaw
Vehumet
Zin

Shops:
D:1 (


Innate Abilities, Weirdness & Mutations

Your life essence is reduced to manifest your ancestor. (-10% HP)
You cannot wear most types of armour.
You are amphibious.
You can wear up to eight rings at the same time.
Your skin changes colour to match your surroundings (Stealth+).
Your rubbery body absorbs attacks. (AC +1, EV +1)
((You are camouflaged when in or above water. (Stealth+)))
You have tentacles for arms and can constrict up to eight enemies at once.


Message History

The yak is moderately wounded.
The yak's fire resistance burns away.
The yak barely misses you.
Casting: Scorch (safe; 1% risk of failure)
Confirm with . or Enter, or press ? or * to list all spells.
Flames lash the yak.
The yak is burned terribly!
The yak is moderately wounded.
The yak misses you.
Casting: Scorch (safe; 1% risk of failure)
Confirm with . or Enter, or press ? or * to list all spells.
Flames lash the yak.
The yak is moderately wounded.
The yak's fire resistance burns away.
The yak closely misses you.
Casting: Scorch (safe; 1% risk of failure)
Confirm with . or Enter, or press ? or * to list all spells.
Flames lash the yak.
The yak is lightly wounded.
The yak's fire resistance burns away.
The yak completely misses you.
A yak comes into view.
Casting: Scorch (safe; 1% risk of failure)
Confirm with . or Enter, or press ? or * to list all spells.
Flames lash the yak.
The yak is burned terribly!
The yak is heavily wounded.
The yak gores you.
Casting: Scorch (safe; 1% risk of failure)
Confirm with . or Enter, or press ? or * to list all spells.
Flames lash the yak.
The yak is severely wounded.
The yak's fire resistance burns away.
The yak gores you.
Casting: Scorch (safe; 1% risk of failure)
Confirm with . or Enter, or press ? or * to list all spells.
Flames lash the yak.
The yak is burned terribly!
The yak is severely wounded.
The yak is no longer more vulnerable to fire.
The yak gores you! The yak attacks as you move away! The yak gores you!
* * * LOW HITPOINT WARNING * * *
The yak is no longer more vulnerable to fire. 4 killer bees come into view.
The yak attacks as you move away! The yak gores you!
You die...

*,* *,* *,,,,,,,,* *,* *,* *,*
*.......,* *,* *,* *,* *..y.....*
*,* *,* *,* *y.......# *,*
*****,*****,*****........##****,*
,,,,,,,,,,,,,,,,,.y.........,,,,,
,**********,,,##*.y..........****
,* #,#.#.#.#.#.#.#....# ,*
#.,#..@#...#...#...# ,*
#.#.#.#Y#.#.#.#.#..# ,*
#....#...#...#...(.#*** ,*
#>#.#.#.#.#.#.#.#..,,,,
,*******###..#[..#..Y#...#..,****
,,,,,,,,....#.#.#.#.#Y#.#.##,*
,********##....#...#..Y#...#,* ,*
#.#.#.#.#.#.#.#.##,* ,*
#..#...#..)#[..#.#,****


You could see 4 yaks and 4 killer bees.

Vanquished Creatures
  Joseph (D:7)
  Maggie (D:7)
  A hornet (D:8)
  Sigmund (D:3)
  2 yaks (D:9)
  An acid dragon (D:9)
  A water moccasin (D:7)
  A sky beast (D:6)
  3 ogres
  A centaur (D:6)
  2 phantoms
  2 kobold brigands (D:9)
  3 bullfrogs
  A necrophage (D:6)
  5 scorpions
  7 wights
  2 electric eels (D:7)
  5 jellies
  6 hounds
  An orc priest (D:9)
  Crazy Yiuf (D:5)
  Jessica (D:2)
  3 iguanas
  2 orc wizards (D:5)
  Natasha (thrice) (D:2)
  4 gnolls
  5 adders
  A shadow imp (D:8)
  A white imp (D:6)
  An ufetubus (D:6)
  3 worms (D:2)
  A dart slug (D:3)
  15 orcs
  4 endoplasms
  6 goblins
  4 hobgoblins
  2 jackals (D:5)
  11 kobolds
  2 quokkas (D:2)
  6 ball pythons
  3 bats
  3 frilled lizards
  A jackal zombie (D:5)
  5 rats
135 creatures vanquished.

Vanquished Creatures (collateral kills)
  A wraith (D:9)
  A yak (D:9)
  3 water moccasins
  A black bear (D:7)
  An orc warrior (D:9)
  A sky beast (D:7)
  An ice beast (D:5)
  2 bullfrogs (D:8)
  A scorpion (D:7)
  4 wights
  A howler monkey (D:6)
  A lava snake (D:9)
  2 hounds (D:6)
  2 orc priests
  A worm (D:5)
  3 orcs
  A goblin (D:8)
  2 jackals (D:5)
  3 kobolds (D:9)
  A rat (D:3)
  A rat zombie (D:5)
34 creatures vanquished.

Vanquished Creatures (others)
  2 battlemagi
  195 foxfires
  7 fungi (D:2)
  4 toadstools (D:2)
208 creatures vanquished.

Grand Total: 377 creatures vanquished

Notes
Turn   | Place    | Note
-------+----------+-------------------------------------------
     0 | D:1      | croobank the Octopode Fire Elementalist began the quest for
                  | the Orb.
     0 | D:1      | Reached XP level 1. HP: 11/11 MP: 3/3
   253 | D:1      | Found Ecoar's Weapon Shop.
   479 | D:1      | Reached XP level 2. HP: 17/17 MP: 1/5
   482 | D:1      | Learned a level 2 spell: Scorch
   667 | D:1      | Reached skill level 3 in Stealth
  1023 | D:2      | Reached XP level 3. HP: 21/21 MP: 1/6
  1291 | D:2      | Noticed Natasha
  1379 | D:2      | Killed Natasha
  1380 | D:2      | Reached XP level 4. HP: 22/27 MP: 3/7
  1731 | D:2      | Identified a scroll of acquirement
  1731 | D:2      | Acquired the amulet of Goxuosuc {RegenMP rPois Will+ SInv}
  1843 | D:2      | Noticed Natasha
  1849 | D:2      | Killed Natasha
  1850 | D:2      | Reached skill level 4 in Stealth
  1915 | D:2      | Reached XP level 5. HP: 31/31 MP: 7/9
  1975 | D:2      | Found a hazy altar of Hepliaklqana.
  1978 | D:2      | Noticed Natasha
  1978 | D:2      | Noticed Jessica
  1988 | D:2      | Killed Natasha
  1990 | D:2      | Killed Jessica
  2095 | D:2      | Became a worshipper of Hepliaklqana the Forgotten
  2367 | D:3      | Noticed Sigmund
  2379 | D:3      | Killed Sigmund
  2380 | D:3      | Reached XP level 6. HP: 33/36 MP: 1/10
  2386 | D:3      | Reached skill level 5 in Stealth
  2641 | D:3      | Identified the +1 scale mail of Watchfulness {Str+2 Int-2
                  | Dex+3}
  2999 | D:3      | Reached * piety under Hepliaklqana
  3284 | D:4      | Found a snail-covered altar of Cheibriados.
  3445 | D:4      | Reached XP level 7. HP: 36/36 MP: 8/12
  3495 | D:4      | Found a sacrificial altar of Ru.
  3670 | D:4      | Reached skill level 1 in Fighting
  3750 | D:4      | Learned a level 4 spell: Flame Wave
  3755 | D:4      | Learned a level 4 spell: Hailstorm
  3762 | D:5      | Entered Level 5 of the Dungeon
  3958 | D:5      | Reached skill level 6 in Stealth
  3977 | D:5      | Reached XP level 8. HP: 31/44 MP: 7/13
  4033 | D:5      | Reached ** piety under Hepliaklqana
  4186 | D:5      | Reached skill level 5 in Fire Magic
  4382 | D:5      | Identified the +2 pair of boots of Pan-Flutes {Int+5}
  4824 | D:5      | Remembered your ancestor Andrew Joseph as a battlemage
  4827 | D:5      | Found a runed translucent door.
  4828 | D:5      | Noticed Crazy Yiuf
  4835 | D:5      | Killed Crazy Yiuf
  5310 | D:6      | Reached skill level 7 in Stealth
  5352 | D:6      | Reached skill level 5 in Dodging
  5387 | D:6      | Reached XP level 9. HP: 51/51 MP: 12/15
  5579 | D:6      | Reached skill level 5 in Conjurations
  5586 | D:6      | Reached *** piety under Hepliaklqana
  6017 | D:7      | Reached skill level 5 in Spellcasting
  6025 | D:7      | Found a staircase to the Ecumenical Temple.
  6073 | D:7      | Noticed Joseph
  6081 | D:7      | Learned a level 3 spell: Frozen Ramparts
  6093 | D:7      | Killed Joseph
  6094 | D:7      | Reached skill level 8 in Stealth
  6445 | D:7      | Noticed Maggie
  6456 | D:7      | Killed Maggie
  6457 | D:7      | Reached XP level 10. HP: 32/58 MP: 3/18
  6631 | D:7      | Found a hazy altar of Hepliaklqana.
  6718 | D:7      | Found a shadowy altar of Dithmenos.
  6723 | D:7      | Identified the +8 war axe "Obboemij" {speed, rCorr Stlth+}
  6846 | D:7      | Reached skill level 9 in Stealth
  6967 | D:8      | Found a hide-covered altar of Uskayaw.
  7093 | D:8      | Reached skill level 1 in Axes
  7116 | D:8      | Found a radiant altar of Vehumet.
  7167 | D:8      | Learned a level 3 spell: Stone Arrow
  7616 | D:8      | Found an iron altar of Okawaru.
  7674 | D:8      | Reached **** piety under Hepliaklqana
  7983 | D:9      | Reached skill level 5 in Fighting
  8047 | D:9      | Found a burning altar of Makhleb.
  8049 | D:9      | Found a glowing silver altar of Zin.
  8049 | D:9      | Noticed an angel
  8050 | D:9      | Noticed an Executioner
  8364 | D:9      | Slain by a yak

Illustrated notes

Levels and vault maps discovered:
D:1:      minmay_arrival_diagonal_passages, layout_loops_ring, serial_shops,
          nicolae_shop_bloodbath_and_beyond
D:2:      layout_rooms, basic_altar, roderic_roman_lattice,
          minmay_gold_behind_fungi, uniq_jessica, uniq_natasha
D:3:      layout_basic, uniq_sigmund
D:4:      layout_rooms, hangedman_ru_absence, mainiacjoe_overflow_tiny_flanked,
          kennysheep_generic_room_3
D:5:      layout_gridville, enter_ossuary_3, uniq_crazy_yiuf_cottage
D:6:      wad_river_or_something, layout_cave_pools, nrook_mini_vaults
D:7:      layout_loops_cross, mainiacjoe_overflow_alcove_1, temple_hall,
          small_statue_alley_b, st_stairs_11, kennysheep_diamond,
          minmay_misc_feat_tiny, uniq_joseph, uniq_maggie
D:8:      layout_gridville, lemuel_doored_altar, kennysheep_okawaru_gauntlet,
          vehumet_crystals, minmay_crystal_room
D:9:      layout_small_grid, grunt_dithmenos_smoke,
          grunt_temple_overflow_order_and_chaos_2, corexii_leaking_fountain,
          amcnicky_mini_rare_corridor_liquid, kennysheep_doodads,
          grunt_ministairs_14, kennysheep_crisscross

Skill      XL: |  1  2  3  4  5  6  7  8  9 10 |
---------------+-------------------------------+-----
Stealth        | 3 4 5 6 7 8 9 |  9.7
Conjurations   | 2 3 4 5 6 |  6.4
Dodging        | 3 4 5 6 |  6.6
Spellcasting   | 3 4 5 6 |  6.1
Fire Magic     | 4 5 6 7 |  7.1
Fighting       | 1 3 4 5 |  5.3
Axes           | 2 |  2.4

Action                   |  1- 3 |  4- 6 |  7- 9 | 10-12 || total
-------------------------+-------+-------+-------+-------++-------
Melee: Hand axe          |    18 |    20 |     6 |       ||    44
       Constrict         |     7 |     8 |     3 |     5 ||    23
       Tentacles         |     2 |     3 |     2 |     9 ||    16
       Quarterstaff      |       |       |    10 |       ||    10
       War axe           |       |       |       |    22 ||    22
 Fire: Fustibalus        |       |       |     3 |       ||     3
 Cast: Foxfire           |    18 |    20 |    56 |    22 ||   116
       Scorch            |     4 |    36 |    72 |    51 ||   163
       Flame Wave        |       |       |     2 |       ||     2
       Frozen Ramparts   |       |       |     1 |     1 ||     2
       Stone Arrow       |       |       |       |     3 ||     3
Invok: Ancestor Identity |       |       |     1 |       ||     1
       Ancestor Life: Ba |       |       |     1 |       ||     1
  Use: Scroll            |     3 |     7 |     8 |     3 ||    21
       Potion            |       |     2 |     1 |       ||     3
 Stab: Sleeping          |     3 |       |       |       ||     3
Armor: Skin              |     1 |       |     6 |     3 ||    10
Dodge: Dodged            |    12 |    25 |    41 |    24 ||   102

Table legend: (Time is in decaauts)
 A = Elapsed time spent in this place.
 B = Non-inter-level travel time spent in this place.
 C = Inter-level travel time spent in this place.
 D = Time resting spent in this place.
 E = Time spent auto-exploring this place.
 F = Levels seen in this place.
 G = Mean time per level.
                   A        B        C        D        E       F      G
               +--------+--------+--------+--------+--------+-----+--------+
         Total |   8395 |   8076 |    319 |   1068 |   5434 |   9 |  932.8 |
       Dungeon |   8395 |   8076 |    319 |   1068 |   5434 |   9 |  932.8 |
               +--------+--------+--------+--------+--------+-----+--------+

Top non-repeatable levels by time:
     D:1: 1396 daAuts
     D:5: 1220 daAuts
     D:7: 1090 daAuts
     D:3: 1015 daAuts
     D:2: 886 daAuts
     D:8: 838 daAuts
     D:6: 788 daAuts
     D:4: 652 daAuts
     D:9: 506 daAuts
